 Dungeon Sprint DCSS version 0.30-a0-137-gd8773701ce (webtiles) character file.

Game seed: 13993033484875949434

3200000 howech the Axe Maniac (level 23, -23/199 HPs)
             Began as a Djinni Warper on Sept 21, 2022.
             Was the Champion of Makhleb.
             Annihilated by a destroyer
             ... wielding a +9 vorpal great sword
              (43 damage)
             ... in the Dungeon (Sprint VIII: "Arena of Blood").
             The game lasted 00:02:09 (32 turns).

howech the Axe Maniac (Djinni Warper)                 Turns: 32, Time: 00:02:10

Health: -23/199    AC:  6    Str: 10    XL:     23   Next: 28%
Gold:   0          EV: 33    Int: 17    God:    Makhleb [******] SH:  0 Dex: 22

rFire   + + .      SeeInvis .    h - +∞ Axe of Woe
rCold   x . .      Faith    .    (shield currently unavailable)
rNeg    . . .      Spirit   .    a - +0 leather armour
rPois   ∞          Reflect  .    (no helmet)
rElec   .          Harm     .    (no cloak)
rCorr   .          Rampage  .    (no gloves)
Will    ++...      NoTele   +    (boots unavailable)
Stlth   +++++++++.               (no amulet)
HPRegen 0.43/turn                (no ring)
MPRegen 0.00/turn                (no ring)

@: flying
A: sickness immunity, fire resistance 2, cold vulnerability 1, float, innate
caster, HP casting, extra vitality 1
a: Renounce Religion, Minor Destruction, Lesser Servant of Makhleb, Major
Destruction, Greater Servant of Makhleb


You were in the Dungeon.
You worshipped Makhleb.
Makhleb was exalted by your worship.
You visited 1 branch

Inventory:

Hand Weapons
 h - the +∞ Axe of Woe (weapon)
   (You found it in the Dungeon)
Missiles
 c - 7 boomerangs of dispersal (quivered)
Armour
 a - a +0 leather armour (worn)
Scrolls
 b - 2 scrolls of blinking
Potions
 d - a potion of curing
 e - a potion of heal wounds
 f - a potion of haste
 g - a potion of berserk rage


   Skills:
 + Level 26.3 Fighting
 O Level 27 Axes
 + Level 22.6 Throwing
 + Level 26.2 Armour
 O Level 27 Dodging
 + Level 24.3 Stealth
 + Level 26.3 Unarmed Combat
 + Level 21.0 Spellcasting
 + Level 26.2 Invocations
 + Level 26.2 Evocations


You couldn't memorise any spells.
You knew the following spells:

 Your Spells              Type           Power      Damage    Failure   Level
a - Blink                 Tloc           100%       N/A       0%          2
b - Lesser Beckoning      Tloc           74%        N/A       0%          3
c - Gell's Gravitas       Tloc           74%        N/A       0%          3
d - Teleport Other        Tloc           74%        N/A       0%          3
e - Manifold Assault      Tloc           74%        N/A       0%          4
f - Necrotise             Necr           100%       1d9       0%          1
g - Poisonous Vapours     Pois/Air       100%       N/A       0%          2
h - Portal Projectile     Hex/Tloc       100%       N/A       0%          3
i - Summon Guardian Gole  Hex/Summ       74%        N/A       0%          3
j - Summon Forest         Summ/Tloc      37%        N/A       0%          5
k - Agony                 Necr           74%        N/A       0%          5
l - Conjure Ball Lightni  Conj/Air       37%        3x3d12    1%          6
m - Starburst             Conj/Fire      37%        6d11      1%          6
n - Dispersal             Tloc           37%        N/A       1%          6
o - Infestation           Necr           37%        N/A       3%          8
p - Monstrous Menagerie   Summ           37%        N/A       1%          7
Your spell library was empty.

Dungeon Overview and Level Annotations

Branches:
Dungeon (1/1)

Altars:
Makhleb


Innate Abilities, Weirdness & Mutations

You are immune to sickness and miasma.
You are immune to poison.
Your flesh is very heat resistant. (rF++)
You are vulnerable to cold. (rC-)
You float through the air rather than walking.
You learn spells naturally, not from books.
Your magical power is your life essence.
You have superior vitality. (+4 MHP)


Message History

You kill the bag of meat!
Makhleb accepts your kill.
You hit the large bag of meat.
Flame seeps out of the large bag of meat.
You butcher the large bag of meat messily.
Makhleb accepts your kill.
You slash the bag of meat!
You slaughter the bag of meat joyfully.
You kill the bag of meat!
Makhleb accepts your kill.
You hit the meat berserker.
You fatally mangle the meat berserker.
You kill the meat berserker!
Makhleb accepts your kill.
The large bag of meat explodes!
The fiery explosion engulfs you! You resist.
The large bag of meat explodes!
The fiery explosion engulfs the bag of meat!!!
The fiery explosion engulfs you! You resist.
You are engulfed in blazing flames.
You resist.
You hear a shout! x7
The destroyer gestures at you while chanting.
The destroyer blinks!
You hear a shout! x3; You hear two shouts!
Your Fighting skill gained 2 levels and is now at level 26!
Your Throwing skill increases to level 22!
Your Armour skill gained 2 levels and is now at level 26!
You have mastered Dodging!
Your Stealth skill gained 2 levels and is now at level 24!
Your Unarmed Combat skill gained 2 levels and is now at level 26!
Your Spellcasting skill gained 2 levels and is now at level 21!
Your Invocations skill gained 2 levels and is now at level 26!
Your Evocations skill gained 2 levels and is now at level 26!
You have reached level 23!
The power to cast Monstrous Menagerie wells up from within.
Spell assigned to 'p'.
Unknown command.
The destroyer attacks as you move away!
The destroyer hits you with a +9 vorpal great sword!!!!!
Ouch! That really hurt!
* * * LOW HITPOINT WARNING * * *
You die...

....................
.#..................
..#........#.......#
.....#.... #.......#
..#......###.......###.
.o......)z.)..###......
...o..#o☼.§)).._.......
....#oV§§).)#.....#....
#.oo.§@§§..#_.<._# .
....#.§○§...#.....#
....o.#§§......_.....
.......oO.....###O.....
.........###.... ..###.
.......... #.... ..#
.......... #... ..#
..#.......... ..


You could see a destroyer, a sculptor of flesh, a large bag of meat (inner
flame) and 8 bags of meat.

Vanquished Creatures
  2 vampire knights (D)
  15 ogres (D)
  3 two-headed ogres (D)
  23 orcs (D)
43 creatures vanquished.

Notes
Turn   | Place    | Note
-------+----------+-------------------------------------------
     0 | D        | Found the +∞ Axe of Woe
     0 | D        | howech the Djinni Warper began the quest for the Orb.
     0 | D        | howech set off with the following spells memorised: Blink,
                  | Lesser Beckoning, Gell's Gravitas, Teleport Other, Manifold
                  | Assault.
     0 | D        | Reached XP level 1. HP: 18/18 MP: 0/0
     3 | D        | Became a worshipper of Makhleb the Destroyer
     4 | D        | Noticed a meat berserker
     5 | D        | Noticed a bag of meat
     5 | D        | Noticed a bag of meat
     5 | D        | Noticed a bag of meat
     5 | D        | Noticed a bag of meat
     5 | D        | Noticed a bag of meat
     6 | D        | Noticed a bag of meat
     7 | D        | Killed a meat berserker
     7 | D        | Noticed a bag of meat
     8 | D        | Reached skill level 10 in Dodging
     8 | D        | Reached XP level 2. HP: 34/34 MP: 0/0
     8 | D        | Reached XP level 3. HP: 40/40 MP: 0/0
     8 | D        | Learned a level 1 spell: Necrotise
     8 | D        | Reached XP level 4. HP: 45/45 MP: 0/0
     8 | D        | Reached XP level 5. HP: 50/50 MP: 0/0
     8 | D        | Learned a level 2 spell: Poisonous Vapours
     8 | D        | Reached XP level 6. HP: 57/57 MP: 0/0
     8 | D        | Reached XP level 7. HP: 61/61 MP: 0/0
     8 | D        | Learned a level 3 spell: Portal Projectile
     8 | D        | Reached XP level 8. HP: 67/67 MP: 0/0
     8 | D        | Reached XP level 9. HP: 73/73 MP: 0/0
     8 | D        | Learned a level 3 spell: Summon Guardian Golem
     8 | D        | Reached XP level 10. HP: 78/78 MP: 0/0
     8 | D        | Reached XP level 11. HP: 84/84 MP: 0/0
     8 | D        | Learned a level 5 spell: Summon Forest
     8 | D        | Reached XP level 12. HP: 90/90 MP: 0/0
     8 | D        | Noticed a bag of meat
     9 | D        | Killed a bag of meat
     9 | D        | Reached * piety under Makhleb
     9 | D        | Killed a bag of meat
     9 | D        | Killed a bag of meat
     9 | D        | Noticed a bag of meat
    10 | D        | Reached skill level 10 in Stealth
    10 | D        | Reached XP level 13. HP: 100/100 MP: 0/0
    10 | D        | Learned a level 5 spell: Agony
    10 | D        | Reached XP level 14. HP: 106/106 MP: 0/0
    10 | D        | Killed a bag of meat
    10 | D        | Reached ** piety under Makhleb
    10 | D        | Killed a bag of meat
    10 | D        | Killed a bag of meat
    10 | D        | Noticed a meat berserker
    10 | D        | Noticed a meat berserker
    11 | D        | Reached skill level 15 in Axes
    11 | D        | Reached skill level 10 in Spellcasting
    11 | D        | Reached XP level 15. HP: 114/114 MP: 0/0
    11 | D        | Learned a level 6 spell: Conjure Ball Lightning
    11 | D        | Noticed a meat berserker
    13 | D        | Reached *** piety under Makhleb
    13 | D        | Noticed a meat berserker
    14 | D        | Killed a meat berserker
    15 | D        | Reached skill level 15 in Dodging
    15 | D        | Noticed a meat berserker
    15 | D        | Noticed a meat berserker
    16 | D        | Reached XP level 16. HP: 38/124 MP: 0/0
    16 | D        | Killed a meat berserker
    16 | D        | Reached **** piety under Makhleb
    16 | D        | Killed a meat berserker
    17 | D        | Reached skill level 15 in Fighting
    17 | D        | Reached skill level 15 in Armour
    17 | D        | Reached skill level 15 in Unarmed Combat
    17 | D        | Reached skill level 15 in Invocations
    17 | D        | Reached skill level 15 in Evocations
    17 | D        | Reached XP level 17. HP: 75/132 MP: 0/0
    17 | D        | Learned a level 6 spell: Starburst
    17 | D        | Killed a meat berserker
    17 | D        | Reached ***** piety under Makhleb
    17 | D        | Noticed a meat berserker
    18 | D        | Reached skill level 15 in Stealth
    18 | D        | Noticed a large bag of meat
    20 | D        | Killed a meat berserker
    20 | D        | Killed a meat berserker
    20 | D        | Noticed a meat berserker
    20 | D        | Noticed a large bag of meat
    21 | D        | Reached skill level 15 in Throwing
    21 | D        | Reached XP level 18. HP: 145/145 MP: 0/0
    21 | D        | Noticed a meat berserker
    22 | D        | Killed a meat berserker
    23 | D        | Reached skill level 15 in Spellcasting
    23 | D        | Reached XP level 19. HP: 144/154 MP: 0/0
    23 | D        | Learned a level 6 spell: Dispersal
    23 | D        | Noticed a meat berserker
    23 | D        | Noticed a destroyer
    23 | D        | Noticed a meat berserker
    23 | D        | Noticed a meat berserker
    23 | D        | Noticed a meat berserker
    24 | D        | Killed a destroyer
    24 | D        | Reached ****** piety under Makhleb
    24 | D        | Noticed a meat berserker
    24 | D        | Noticed a large bag of meat
    25 | D        | Noticed a destroyer
    25 | D        | Noticed a destroyer
    25 | D        | Killed a large bag of meat
    26 | D        | Reached XP level 20. HP: 154/166 MP: 0/0
    27 | D        | Killed a destroyer
    27 | D        | Killed a meat berserker
    28 | D        | Reached XP level 21. HP: 172/174 MP: 0/0
    28 | D        | Learned a level 8 spell: Infestation
    28 | D        | Noticed a large bag of meat
    29 | D        | Killed a meat berserker
    29 | D        | Killed a meat berserker
    29 | D        | Killed a meat berserker
    30 | D        | Reached skill level 27 in Axes
    30 | D        | Killed a meat berserker
    30 | D        | Killed a meat berserker
    31 | D        | Reached XP level 22. HP: 183/187 MP: 0/0
    31 | D        | Killed a large bag of meat
    31 | D        | Killed a large bag of meat
    31 | D        | Killed a meat berserker
    32 | D        | Reached skill level 27 in Dodging
    32 | D        | Reached XP level 23. HP: 169/199 MP: 0/0
    32 | D        | Learned a level 7 spell: Monstrous Menagerie
    32 | D        | Annihilated by a destroyer

Illustrated notes

Levels and vault maps discovered:
D:        meatsprint

Skill      XL: |  1  2  3  4  5  6  7  8  9 10 11 12 13 14 15 16 17 18 19 20 21 22 |
---------------+-------------------------------------------------------------------+-----
Fighting       | 9 11 13 14 15 18 19 21 22 24 26 | 26.3
Axes           | 11 13 15 16 18 21 22 24 25 27 | 27.0
Throwing       | 7 9 11 12 13 15 16 18 21 22 | 22.6
Armour         | 9 11 12 14 15 18 19 21 22 24 26 | 26.2
Dodging        | 10 12 14 15 17 19 20 22 23 26 27 | 27.0
Stealth        | 8 10 11 13 14 16 17 19 20 22 24 | 24.3
Unarmed Combat | 9 11 13 14 15 18 19 21 22 24 26 | 26.3
Spellcasting   | 7 9 10 11 12 14 15 16 17 19 21 | 21.0
Invocations    | 9 11 12 14 15 18 19 20 22 24 26 | 26.2
Evocations     | 9 11 12 14 15 18 19 21 22 24 26 | 26.2

Action                   |  1- 3 |  4- 6 |  7- 9 | 10-12 | 13-15 | 16-18 | 19-21 | 22-24 || total
-------------------------+-------+-------+-------+-------+-------+-------+-------+-------++-------
Melee: Executioner's axe |     1 |       |       |     1 |     4 |     6 |     6 |     1 ||    19

Table legend: (Time is in decaauts)
 A = Elapsed time spent in this place.
 B = Non-inter-level travel time spent in this place.
 C = Inter-level travel time spent in this place.
 D = Time resting spent in this place.
 E = Time spent auto-exploring this place.
 F = Levels seen in this place.
 G = Mean time per level.
                   A        B        C        D        E       F      G
               +--------+--------+--------+--------+--------+-----+--------+
         Total |     31 |     31 |      0 |      0 |      0 |   1 |   31.0 |
       Dungeon |     31 |     31 |      0 |      0 |      0 |   1 |   31.0 |
               +--------+--------+--------+--------+--------+-----+--------+

Top non-repeatable levels by time:
       D: 31 daAuts
